 Dungeon Crawl Stone Soup version 0.16.1-7-g2c6721e (webtiles) character file.

6945 Joshi the Warrior (level 10, -8/105 HPs)
             Began as a Minotaur Berserker on Mar 29, 2015.
             Was a Priest of Trog.
             Shot with a bolt by an orc warrior (24 damage)
             ... in a bailey on Mar 30, 2015.
             The game lasted 01:05:49 (9320 turns).

Joshi the Warrior (Minotaur Berserker)              Turns: 9320, Time: 01:05:50

Health: -8/105     AC: 10    Str: 26    XL:     10   Next: 80%
Magic:  17/17      EV:  8    Int:  4    God:    Trog [***...]
Gold:   344        SH:  0    Dex: 12    Spells: 0 memorised, 17 levels left

rFire  + . .     SeeInvis .     z - +0 blowgun
rCold  . . .     Clarity  .     m - +1 chain mail {rF+}
rNeg   . . .     SustAb   .     (no shield)
rPois  .         Gourm    .     (helmet restricted)
rElec  .         Spirit   .     i - +0 cloak
rCorr  .         Warding  .     (no gloves)
rMut   .         Stasis   .     (no boots)
MR     .....                    (no amulet)
Stlth  ..........               t - +3 ring of dexterity
                                C - ring of flight

@: vulnerable, very slightly contaminated, hasted, drained, very quick, not
resistant to hostile enchantments, extremely unstealthy
A: retaliatory headbutt, horns 2
a: Burn Spellbooks, Berserk, Trog's Hand, Renounce Religion, Evoke Flight


You were in a bailey.
You worshipped Trog.
Trog was most pleased with you.
You were not hungry.

You visited 2 branches of the dungeon, and saw 10 of its levels.
You also visited: Bailey.

You collected 344 gold pieces.

Inventory:

Hand weapons
 a - a +0 hand axe
 k - a +1 dire flail of draining
 q - a +0 whip of flaming
 z - a +0 blowgun (weapon)
 B - a cursed +0 war axe
 I - a +3 long sword
Missiles
 h - 5 curare-tipped needles
 A - 36 poisoned needles (quivered)
Armour
 i - a +0 cloak (worn)
 m - a +1 chain mail of fire resistance (worn)
 G - the -1 scale mail of Genus {+Inv Dex+6}
   (You found it on level 6 of the Dungeon)

   It affects your dexterity (+6).
   It lets you turn invisible.
Jewellery
 s - a +3 ring of intelligence
 t - a +3 ring of dexterity (right hand)
 y - an uncursed ring of see invisible
 C - a ring of flight (left hand)
 H - an uncursed amulet of guardian spirit {unknown}
 L - a +2 ring of dexterity
Magical devices
 n - a wand of magic darts (38)
 o - a wand of slowing (8)
 J - a wand of lightning (7)
Scrolls
 g - 4 scrolls of identify
 j - 2 scrolls of magic mapping
 l - 13 scrolls of remove curse
 p - a scroll of fog
 w - a scroll of random uselessness
 x - 2 scrolls of immolation
 N - a scroll of fear
Potions
 b - a potion of berserk rage {unknown}
 e - 5 potions of curing
 f - a potion of flight
 u - a potion of haste
 v - a potion of ambrosia {unknown}
 D - 2 potions of mutation {unknown}
 E - 3 potions of restore abilities {unknown}
 F - a potion of resistance {unknown}
 K - a potion of invisibility {unknown}
Comestibles
 O - 3 fruits


   Skills:
 + Level 15.3(14.4) Fighting
 + Level 9.6(8.9) Axes
 - Level 1.0(5.4) Maces & Flails
 - Level 0.8(0.1) Throwing
 - Level 2.4(1.7) Armour
 - Level 2.1(1.5) Dodging
 - Level 3.1(2.5) Stealth
 - Level 4.3(3.6) Spellcasting
 * Level 4.0(3.3) Evocations


You had 17 spell levels left.
You didn't know any spells.

Dungeon Overview and Level Annotations

Branches:
Dungeon (9/15)             Temple (1/1) D:5
   Lair: D:8-11         Orc: D:9-12

Altars:
Ashenzari
Cheibriados
Dithmenos
Elyvilon
Fedhas
Gozag
Kikubaaqudgha
Makhleb
Nemelex Xobeh
Okawaru
Qazlal
Ru
Sif Muna
Trog
Vehumet
Xom
Yredelemnul
Zin
The Shining One

Shops:
D:7 [   D:9 *


Innate Abilities, Weirdness & Mutations

You reflexively headbutt those who attack you in melee.
You have a pair of horns on your head.


Message History

The orc warrior shouts!
Trog accepts your kill.
Your base Evocations skill increases to level 4!
You feel a bit more experienced.
The orc warrior shoots a bolt.
The bolt hits you.
* * * LOW HITPOINT WARNING * * *
You are very lightly contaminated with residual magic.
Firing (i - inventory. (,) - cycle):
A - 38 poisoned needles (quivered)
Press: ? - help, Shift-Dir - straight line, f - orc warrior
Aim: an orc warrior, wielding an arbalest and wearing a ring mail You shoot a poisoned needle.
The poisoned needle hits the orc warrior!
The orc warrior is poisoned.
Firing (i - inventory. (,) - cycle):
A - 37 poisoned needles (quivered)
Press: ? - help, Shift-Dir - straight line, f/p - orc warrior
Aim: an orc warrior, wielding an arbalest and wearing a ring mail (poisoned)
You shoot a poisoned needle.
The poisoned needle misses the orc warrior.
The orc warrior shoots a bolt.
The bolt hits you!!
You die...

,,,,,≈≈≈≈≈.......#
,,,,≈≈*,*≈≈......#
,,,,≈**,**≈......#
,,,,≈,,,,o≈......#
,,,,≈**,*#≈......#
,,,,≈≈*,*≈≈......#
*,,,,≈≈≈≈≈.......#
**,,,,,,........(#
,**,,,,.........@#
,,*,,,...........#
*,**,............#
+,**.............#
*,*#.......).....#
+,*#......(......#
*,*#.......o(....#
,,##.......(.....#
,.........(......#


You could see an orc warrior.

Vanquished Creatures
  Pikel (D:4)
  5 yaks (D:9)
  The ghost of Zugr the Ruffian, an average MiFi (D:4)
  Edmund (D:6)
  4 orc warriors
  An ogre (D:6)
  2 black bears (D:6)
  A necrophage (D:8)
  3 ice beasts
  3 phantoms (D:6)
  3 big kobolds
  Sigmund (D:7)
  2 centaurs (D:6)
  Blork the orc (D:8)
  A giant frog (D:6)
  4 scorpions
  3 wights (D:8)
  A centaur zombie (D:8)
  7 crimson imps
  2 goliath beetles
  A jelly (D:9)
  5 hounds
  6 orc wizards
  2 giant frog skeletons
  9 orc priests
  A killer bee zombie (D:8)
  3 worker ants
  2 hound zombies
  3 gnolls (D:5)
  9 adders
  3 worms
  2 shadow imps (D:6)
  An adder skeleton (D:9)
  An adder zombie (D:5)
  3 oozes
  15 orcs
  19 bats
  A bat skeleton (D:5)
  A bat zombie (D:6)
  6 goblins
  11 hobgoblins
  7 jackals
  33 kobolds
  A ball python (D:4)
  A ball python skeleton (D:4)
  7 giant cockroaches
  2 giant geckos
  A giant gecko zombie (D:5)
  4 giant newts
  3 quokkas
  13 rats
223 creatures vanquished.

Vanquished Creatures (others)
  An orc (D:4)
  A kobold (D:4)
  2 rats (D:4)
4 creatures vanquished.

Grand Total: 227 creatures vanquished

Notes
Turn   | Place    | Note
--------------------------------------------------------------
     0 | D:1      | Joshi, the Minotaur Berserker, began the quest for the Orb.
     0 | D:1      | Reached XP level 1. HP: 19/19 MP: 1/1
   327 | D:1      | Reached skill level 4 in Axes
   327 | D:1      | Reached XP level 2. HP: 27/27 MP: 1/1
   765 | D:2      | Reached XP level 3. HP: 26/34 MP: 2/2
   768 | D:2      | Acquired Trog's second power
  1257 | D:2      | Found a glowing golden altar of the Shining One.
  1259 | D:2      | Found a shadowy altar of Dithmenos.
  1268 | D:2      | Found a blossoming altar of Fedhas.
  1269 | D:2      | Found a stormy altar of Qazlal.
  1274 | D:2      | Found a deep blue altar of Sif Muna.
  1322 | D:3      | Reached skill level 5 in Fighting
  1369 | D:3      | Reached XP level 4. HP: 42/42 MP: 2/2
  1377 | D:3      | Reached skill level 5 in Axes
  1730 | D:3      | Reached XP level 5. HP: 45/48 MP: 2/2
  2013 | D:3      | Found a glowing silver altar of Zin.
  2013 | D:3      | Noticed an angel
  2394 | D:4      | Noticed Zugr's ghost (average MiFi)
  2401 | D:4      | Killed Zugr's ghost
  2401 | D:4      | Reached skill level 6 in Fighting
  2401 | D:4      | Reached skill level 1 in Stealth
  2401 | D:4      | Reached XP level 6. HP: 58/58 MP: 3/3
  2531 | D:4      | Noticed a slave
  2532 | D:4      | Noticed a slave
  2534 | D:4      | Noticed Pikel
  2535 | D:4      | Noticed a slave
  2535 | D:4      | Noticed a slave
  2569 | D:4      | Killed Pikel
  2569 | D:4      | Reached skill level 8 in Fighting
  2569 | D:4      | Reached XP level 7. HP: 28/69 MP: 3/3
  2997 | D:5      | Entered Level 5 of the Dungeon
  3006 | D:5      | Acquired Trog's third power
  3140 | D:5      | Reached skill level 9 in Fighting
  3140 | D:5      | Reached XP level 8. HP: 67/78 MP: 3/3
  3312 | D:5      | Reached skill level 1 in Maces & Flails
  3555 | D:5      | Found a staircase to the Ecumenical Temple.
  3610 | Temple   | Entered the Ecumenical Temple
  3749 | D:6      | Reached skill level 10 in Fighting
  5025 | D:6      | Got a smoking scale mail
  5036 | D:6      | Identified the cursed -1 scale mail of Genus {+Inv Dex+6} (You found it on level 6 of the Dungeon)
  5053 | D:6      | Fell from the grace of Trog
  5053 | D:6      | Reached skill level 14 in Fighting
  5053 | D:6      | Reached XP level 9. HP: 86/96 MP: 3/16
  5074 | D:6      | Reached XP level 10. HP: 81/104 MP: 6/17
  5147 | Temple   | Became a worshipper of Trog the Wrathful
  6831 | D:6      | Reached skill level 15 in Fighting
  7163 | D:7      | Noticed Edmund
  7216 | D:6      | Killed Edmund
  7216 | D:6      | Reached skill level 1 in Evocations
  7498 | D:7      | Found an iron altar of Okawaru.
  7542 | D:7      | Noticed Sigmund
  7543 | D:7      | Found Cobecvae's Antique Armour Emporium.
  7563 | D:7      | Killed Sigmund
  7692 | D:7      | Acquired Trog's first power
  8426 | D:8      | Noticed Blork the orc
  8438 | D:8      | Killed Blork the orc
  8807 | D:9      | Found Vopuh's General Store.
  9273 | D:9      | Found a flagged portal.
  9288 | Bailey   | Entered a bailey
  9320 | Bailey   | Shot with a bolt by an orc warrior

Action                   |  1- 3 |  4- 6 |  7- 9 | 10-12 || total
-------------------------+-------+-------+-------+-------++-------
Melee: Hand axe          |    84 |   101 |       |       ||   185
       Whip              |       |       |   192 |    91 ||   283
       Dire flail        |       |       |       |   157 ||   157
 Fire: Blowgun           |       |       |       |    31 ||    31
Invok: Berserk           |     1 |     2 |     5 |     4 ||    12
       Burn Spellbooks   |       |       |     1 |       ||     1
  Use: Scroll            |       |       |    11 |     6 ||    17
       Potion            |       |       |     2 |     5 ||     7
 Stab: Sleeping          |       |     1 |       |       ||     1
  Eat: Fruit             |     1 |     3 |     4 |     2 ||    10
       Pizza             |     1 |       |       |     1 ||     2
       Chunk             |       |     2 |     4 |     2 ||     8
       Beef jerky        |       |     1 |       |       ||     1
       Meat ration       |       |       |     1 |       ||     1
       Bread ration      |       |       |       |     3 ||     3
